 Dungeon Crawl Stone Soup version 0.31-a0-986-g5e6e4ef867 (webtiles) character file.

Game seed: 10889137210332458831

301 wildpjah the Slasher (level 6, 0/47 HPs)
             Began as a Merfolk Gladiator on Nov 17, 2023.
             Was an Initiate of Qazlal.
             Killed by nerve-wracking pain
             ... invoked by an orc priest
              (11 damage)
             ... on level 4 of the Dungeon.
             The game lasted 00:07:13 (3034 turns).

wildpjah the Slasher (Merfolk Gladiator)            Turns: 3034, Time: 00:07:14

Health: 0/47       AC:  5    Str: 15    XL:     6   Next: 37%
Magic:  6/6        EV: 17    Int:  7    God:    Qazlal [......]
Gold:   210        SH:  0    Dex: 17    Spells: 5/5 levels left

rFire   . . .        a - +1 long sword
rCold   . . .        (no shield)
rNeg    . . .        b - +0 leather armour
rPois   .            c - +0 helmet
rElec   .            (no cloak)
rCorr   .            k - +0 pair of gloves
SInv    .            (boots currently unavailable)
Will    .....        (no amulet)
Stlth   +++          (no ring)
HPRegen 0.27/turn    (no ring)
MPRegen 0.10/turn

%: no passive effects
@: very quick
A: nimble swimmer 2, mertail
a: Renounce Religion


You were on level 4 of the Dungeon.
You worshipped Qazlal.
Qazlal was noncommittal.
You visited 1 branch of the dungeon, and saw 4 of its levels.
You also visited: Sewer.

You collected 210 gold pieces.

Inventory:

Hand Weapons
 a - a +1 long sword (weapon)
 j - a +1 dagger of flaming
Missiles
 d - 3 throwing nets (quivered)
 e - a javelin
 h - a curare-tipped dart
Armour
 b - a +0 leather armour (worn)
 c - a +0 helmet (worn)
 k - a +0 pair of gloves (worn)
Wands
 t - a wand of acid (10)
Scrolls
 g - 3 scrolls of fear {unknown}
 i - a scroll of teleportation
 l - 2 scrolls of fog
 o - 2 scrolls of enchant weapon
 s - a scroll of poison
 u - 3 scrolls of identify
Potions
 f - 3 potions of heal wounds
 m - 2 potions of curing
 n - 2 potions of mutation {unknown}
 p - 2 potions of enlightenment {unknown}
 q - 2 potions of degeneration {unknown}
 r - 2 potions of lignification {unknown}
 v - a potion of attraction {unknown}
 w - a potion of resistance {unknown}


   Skills:
 + Level 3.0 Fighting
 * Level 6.4 Long Blades
 - Level 2.3 Throwing
 + Level 1.0 Armour
 * Level 5.3 Dodging
 + Level 1.7 Stealth


You had 5 spell levels left.
You didn't know any spells.
Your spell library contained the following spells:

 Spells                   Type           Power      Damage    Failure   Level
 Ensorcelled Hibernation  Hex/Ice        0%         N/A       65%         2
 Jinxbite                 Hex            0%         N/A       65%         2
 Anguish                  Hex/Necr       0%         N/A       99%         4


Dungeon Overview and Level Annotations

Branches:
Dungeon (4/15)              Sewer (visited)
 Temple: D:4-7

Altars:
Dithmenos
Qazlal
Ru


Innate Abilities, Weirdness & Mutations

You are very nimble when in or above water. (Stealth+, EV+, Speed+++)
Your lower body shifts to a powerful aquatic tail in water.


Message History

You kill the giant cockroach!
Qazlal accepts your kill.
The orc priest calls down the wrath of Beogh upon you.
Beogh smites you!
The giant cockroach splashes around in the water.
The giant cockroach splashes around in the water.
Your legs become a tail as you enter the water.
The orc priest looks satisfied for a moment.
The giant cockroach attacks as it pursues you!
The giant cockroach closely misses you.
The orc priest splashes around in the water.
You closely miss the orc priest. You tail-slap the orc priest.
The orc priest is moderately wounded.
The giant cockroach misses you. The orc priest closely misses you.
The orc priest casts a cantrip, but nothing happens.
You barely miss the orc priest. Your punch misses the orc priest.
The orc priest is moderately wounded.
The giant cockroach closely misses you. The orc priest closely misses you.
The orc priest calls down the wrath of Beogh upon you.
Beogh smites you!
* * * LOW HITPOINT WARNING * * *
The giant cockroach bites you but does no damage.
You closely miss the orc priest.
The orc priest is moderately wounded.
The orc priest miscasts a cantrip.
The giant cockroach closely misses you.
You hit the orc priest.
You tail-slap the orc priest, but do no damage.
The orc priest is heavily wounded.
The orc priest closely misses you. The giant cockroach misses you.
The orc priest completely misses you.
You barely miss the orc priest.
The orc priest is heavily wounded.
The giant cockroach barely misses you.
The orc wizard gestures at you while chanting.
The magic dart hits you.
* * * LOW HITPOINT WARNING * * *
The orc priest invokes the aid of Beogh against you.
Pain shoots through your body!
You die...

.. # ......# ### ......#
..###.....# .......#..#
##..#..#.# ##.......#
.#.....############
>....÷o.~~~~~~~o@.##
..#.....~~~~.~~ooB.#
..##...?~~~~~~~~~..##
###...o###########..####
#.'oo.... #..†....#
#.######.. #.........#
.. ... ...........## o
#.........#......#
....##...#.#...##


You could see 2 orc priests, an orc wizard and a giant cockroach.

Vanquished Creatures
  A kobold brigand (Sewer)
  A hound (D:3)
  7 adders
  A river rat (Sewer)
  2 shadow imps (D:4)
  3 worms
  6 dart slugs
  5 orcs
  11 ball pythons
  9 endoplasms
  6 giant cockroaches
  6 goblins
  7 hobgoblins
  4 jackals (D:3)
  9 kobolds
  3 quokkas
  5 bats
  5 frilled lizards
  8 rats
99 creatures vanquished.

Vanquished Creatures (others)
  2 quokkas (D:4)
2 creatures vanquished.

Grand Total: 101 creatures vanquished

Notes
Turn   | Place    | Note
-------+----------+-------------------------------------------
     0 | D:1      | wildpjah the Merfolk Gladiator began the quest for the Orb.
     0 | D:1      | Reached XP level 1. HP: 16/16 MP: 1/1
   111 | D:1      | Reached XP level 2. HP: 22/22 MP: 2/2
   201 | D:1      | Reached skill level 4 in Long Blades
   326 | D:1      | Reached XP level 3. HP: 19/28 MP: 3/3
  1066 | D:2      | Reached XP level 4. HP: 34/34 MP: 4/4
  1555 | D:2      | Reached skill level 1 in Stealth
  1773 | D:3      | Reached skill level 5 in Long Blades
  1837 | D:3      | Reached XP level 5. HP: 29/39 MP: 5/5
  1926 | D:3      | Reached skill level 5 in Dodging
  2240 | D:3      | Found a stormy altar of Qazlal.
  2252 | D:3      | Became a worshipper of Qazlal Stormbringer
  2289 | D:3      | Found a sacrificial altar of Ru.
  2448 | D:4      | Found a shadowy altar of Dithmenos.
  2586 | D:4      | Found a glowing drain.
  2595 | Sewer    | Entered a sewer
  2777 | Sewer    | Noticed a kobold brigand
  2794 | Sewer    | Killed a kobold brigand
  2795 | Sewer    | Reached skill level 6 in Long Blades
  2795 | Sewer    | Reached skill level 1 in Armour
  2795 | Sewer    | Reached XP level 6. HP: 30/46 MP: 6/6
  3034 | D:4      | Killed from afar by an orc priest

Illustrated notes

Levels and vault maps discovered:
D:1:      wander_arrival_desolate, layout_basic
D:2:      layout_basic, hangedman_abyss_or_decor_stabs, serial_bayou_lagoon_b
D:3:      layout_basic, nicolae_ru_path_of_blood, grunt_qazlal_clouds,
          serial_curves, eino_curves_03, eino_curves_02, eino_curves_01
D:4:      nicolae_cairo_tiling_large, layout_cave_pools, elyvilon_altar_4,
          nicolae_overflow_squiral, overflow_temple_1_default,
          minmay_temple_entry_fiery, serial_demonic, serial_demonic_e,
          serial_demonic_c, serial_demonic_g, serial_demonic_e,
          serial_demonic_d, serial_demonic_e, portal_sewer_entry_f,
          skrybe_limestone_x

Skill      XL: |  1  2  3  4  5  6 |
---------------+-------------------+-----
Long Blades    | 4 5 6 |  6.4
Stealth        | 1 |  1.7
Dodging        | 5 |  5.3
Armour         | 1 |  1.0
Fighting       | 3 |  3.0
Throwing       | |  2.3

Action                     |  1- 3 |  4- 6 || total
---------------------------+-------+-------++-------
  Melee: Long sword        |   111 |   181 ||   292
         Tailslap          |     1 |     6 ||     7
         Punch             |     1 |       ||     1
    Use: Scroll            |       |     7 ||     7
         Potion            |       |     4 ||     4
   Stab: Sleeping          |     5 |     6 ||    11
 Armour: Leather armour    |    52 |    75 ||   127
  Dodge: Dodged            |    70 |   166 ||   236

Table legend: (Time is in decaauts)
 A = Elapsed time spent in this place.
 B = Non-inter-level travel time spent in this place.
 C = Inter-level travel time spent in this place.
 D = Time resting spent in this place.
 E = Time spent auto-exploring this place.
 F = Levels seen in this place.
 G = Mean time per level.
                   A        B        C        D        E       F      G
               +--------+--------+--------+--------+--------+-----+--------+
         Total |   2996 |   2937 |     59 |    187 |   2022 |   5 |  599.2 |
       Dungeon |   2632 |   2573 |     59 |    112 |   1851 |   4 |  658.0 |
         Sewer |    364 |    364 |      0 |     75 |    171 |   1 |  364.0 |
               +--------+--------+--------+--------+--------+-----+--------+

Top non-repeatable levels by time:
     D:1: 911 daAuts
     D:3: 846 daAuts
     D:2: 699 daAuts
   Sewer: 364 daAuts
     D:4: 175 daAuts
